 Dungeon Crawl Stone Soup version 0.21-a0-233-g0929f2e (webtiles) character file.

159820 Chiseanne the Acrobat (level 16, -7/81 HPs)
             Began as a Spriggan Warper on Aug 31, 2017.
             Was an Initiate of Gozag.
             Shot with a bolt by a yaktaur captain (32 damage)
             ... on level 2 of the Vaults on Sept 2, 2017.
             The game lasted 03:02:51 (37091 turns).

Chiseanne the Acrobat (Spriggan Warper)            Turns: 37091, Time: 03:02:52

Health: -7/81      AC: 11    Str:  7    XL:     16   Next: 90%
Magic:  4/44       EV: 42    Int: 15    God:    Gozag
Gold:   839        SH:  0    Dex: 20    Spells: 9/44 levels left

rFire    + + .     SeeInvis +   a - +2 quick blade (flame)
rCold    + + +     Gourm    .   (shield restricted)
rNeg     + + .     Faith    .   i - +2 troll leather armour
rPois    .         Spirit   .   (helmet restricted)
rElec    +         Reflect  .   H - +2 cloak "Sujeacwu" {*Corrode rC+++ MR+ MP+9}
rCorr    +         Harm     .   (gloves unavailable)
MR       +++++     Clarity  +   (boots unavailable)
Stlth    +++++++...             Q - amulet of the Four Winds {rN+ MR+++ Clar}
HPRegen  0.63/turn              q - +4 ring of evasion
MPRegen  0.29/turn              g - ring "Owiesh" {rCorr rElec rF++ rN+ Int-2}

@: gold aura, very slightly contaminated, very quick
A: unfitting armour, see invisible, herbivore 3, speed 3, slow metabolism 2
}: 1/15 runes: barnacled
a: Potion Petition, Call Merchant, Bribe Branch, Renounce Religion


You were on level 2 of the Vaults.
You worshipped Gozag.
Gozag was pleased with you.
You were not hungry.

You visited 6 branches of the dungeon, and saw 29 of its levels.
You also visited: Sewer, Bailey, Ice Cave and Volcano.

You collected 10454 gold pieces.
You spent 5170 gold pieces at shops.
You paid 4445 gold pieces to Gozag.

Inventory:

Hand Weapons
 a - a +2 quick blade of flaming (weapon)
 d - the +6 long sword of Viusch {slice, +Fly Str+2}
   (You found it on level 12 of the Dungeon)

   It inflicts extra damage upon your enemies.
   It affects your strength (+2).
   It lets you fly.
 e - the +9 arbalest "Liodagas" {elec, rElec Int+5}
   (You found it on level 2 of the Vaults)

   It charges the ammunition it shoots with electricity; occasionally upon a
   hit, such missiles may discharge and cause terrible harm.
   It affects your intelligence (+5).
   It insulates you from electricity.
 s - a +1 rapier of flaming
 w - the +8 hunting sling of the Madman {speed, rElec rPois Str-4}
   (You bought it in a shop on level 9 of the Dungeon)

   Attacks with this weapon are significantly faster.
   It affects your strength (-4).
   It insulates you from electricity.
   It protects you from poison.
 B - a +2 rapier of freezing
Missiles
 b - 3 tomahawks of dispersal (quivered)
 h - 86 bolts
 y - 258 sling bullets
 z - 6 throwing nets
 C - 7 poisoned tomahawks
Armour
 i - a +2 troll leather armour (worn)
 H - the +2 cloak "Sujeacwu" (worn) {*Corrode rC+++ MR+ MP+9}
   (You found it on level 5 of the Dungeon)

   It renders you almost immune to cold.
   It affects your resistance to hostile enchantments.
   It affects your magic capacity (+9).
   It may corrode you when you take damage.
Jewellery
 g - the ring "Owiesh" (right hand) {rCorr rElec rF++ rN+ Int-2}
   (You bought it in a shop on level 15 of the Dungeon)

   [ring of resist corrosion]

   It affects your intelligence (-2).
   It greatly protects you from fire.
   It insulates you from electricity.
   It protects you from negative energy.
 q - a +4 ring of evasion (left hand)
 Q - the amulet of the Four Winds (around neck) {rN+ MR+++ Clar}
   (You bought it in a shop on level 9 of the Dungeon)

   [amulet of nothing]

   It protects you from negative energy.
   It affects your resistance to hostile enchantments.
   It protects you against confusion.
Wands
 t - a wand of paralysis (0/24)
 I - a wand of paralysis (14/24)
Scrolls
 j - a scroll of enchant armour
 k - a scroll of fear
 n - 5 scrolls of recharging
 D - 7 scrolls of identify
 E - 2 scrolls of teleportation
 F - 3 scrolls of magic mapping
 V - 11 scrolls of remove curse
Potions
 o - 3 potions of haste
 v - 3 potions of resistance
 x - 3 potions of flight
 G - a potion of berserk rage
 J - 5 potions of curing
 T - 2 potions of cancellation
Miscellaneous
 l - a fan of gales
 M - a lightning rod (4/4)
 Y - a phial of floods
Comestibles
 f - 16 bread rations


   Skills:
 * Level 8.1 Fighting
 - Level 13.6 Short Blades
 - Level 2.7(2.9) Slings
 * Level 3.4 Crossbows
 - Level 1.0(1.7) Throwing
 - Level 10.5 Armour
 - Level 24.6 Dodging
 - Level 16.9 Stealth
 * Level 14.8 Spellcasting
 - Level 5.5 Conjurations
 - Level 5.8 Hexes
 - Level 5.2 Charms
 - Level 8.4 Translocations


You had 9 spell levels left.
You knew the following spells:

 Your Spells              Type           Power        Failure   Level  Hunger
a - Blink                 Tloc           N/A          1%          2    None
b - Confuse               Hex            ####....     2%          3    None
c - Teleport Other        Tloc           #####...     1%          3    None
d - Passage of Golubria   Tloc           N/A          2%          4    ##.....
e - Shroud of Golubria    Chrm/Tloc      ####......   1%          2    None
f - Tukima's Dance        Hex            ####....     2%          3    None
g - Force Lance           Conj/Tloc      ####....     4%          4    ##.....
h - Dazzling Spray        Conj/Hex       ####..       2%          3    None
i - Conjure Flame         Conj/Fire      ###.....     8%          3    None
j - Mephitic Cloud        Conj/Pois/Air  ###.....     12%         3    None
k - Regeneration          Chrm/Necr      ###.......   9%          3    None
l - Passwall              Tmut/Erth      ##........   12%         2    None


Dungeon Overview and Level Annotations

Branches:
Dungeon (15/15)            Temple (1/1) D:5            Lair (6/6) D:9
 Shoals (4/4) Lair:2       Spider (0/4) Lair:4        Slime (0/5) Lair:5
    Orc (0/2) D:12         Vaults (2/5) D:13         Depths (1/5) D:15
  Crypt: Vaults:2-3

Altars:
Ashenzari
Cheibriados
Dithmenos
Elyvilon
Fedhas
Gozag
Hepliaklqana
Kikubaaqudgha
Makhleb
Nemelex Xobeh
Okawaru
Qazlal
Ru
Sif Muna
Trog
Uskayaw
Vehumet
Wu Jian
Xom
Yredelemnul
Zin
The Shining One
Jiyva

Shops:
D:4 !   D:7 *   D:9 =(   D:12 [   D:14 (   D:15 :=   Vaults:2 ((

Portals:
Ziggurat: Depths:1

Annotations:
Shoals:2 Roxanne
Shoals:4 exclusion: ice statue


Innate Abilities, Weirdness & Mutations

You are very small and have problems with some larger weapons.
You are too small for most types of armour.
You have supernaturally acute eyesight. (SInv)
You are a herbivore.
You cover ground extremely quickly.
You need consume almost no food.


Message History

You perforate the ironheart preserver like a sieve!!!
You burn the ironheart preserver!
You kill the ironheart preserver!
The ironheart preserver's corpse shimmers and vanishes!
The rakshasa completely misses you.
The two-headed ogre barely misses the yaktaur captain.
The two-headed ogre hits the yaktaur captain with a giant club!
The ogre hits the ogre with a giant club!!
The rakshasa shimmers and vanishes!
The rakshasa weaves an illusion.
The ogre shimmers and seems to become two!
The yaktaur captain wields an arbalest.
The yaktaur captain shoots a bolt.
The bolt completely misses you. The rakshasa barely misses you.
The ogre barely misses something.
The ogre is distracted by the nearby gold.
The rakshasa weaves an illusion.
The ogre shimmers and seems to become two!
The yaktaur captain shoots a bolt.
The bolt hits you!!
You die...
Your body crumbles into a pile of gold.

#### #...# #..[..#.......'..###
...#####.#####..)..#.......#....#
...'...#.#...#.....#########....#
...##..#'#..##.....# ###...
...##.......##...).# #...
...###..)..###.....# #### ...#
#.....# #.....# #### ##...##
#.....# #...# #..@..#
#####.#####.....##############
#...#.#...#...R....OOO.......(
#..#'#..##....)...cO.O.......
#.......##........).O........
##.....###................... ###
#.....# #................... ..#
##...## ###################+ ..#
#...# #...........


You could see a yaktaur captain, a rakshasa and an ogre (unaware).

Vanquished Creatures
  Rupert (D:13)
  An Ice Fiend (IceCv)
  3 vault wardens
  Louise (Shoals:2)
  3 ironheart preservers
  2 entropy weavers
  A merfolk javelineer (Shoals:1)
  Snorg (Lair:6)
  2 yaktaur captains
  Fannar (D:12)
  4 merfolk impalers
  An ice dragon (Lair:5)
  14 hydras
  A satyr (Shoals:2)
  A vault guard (Vaults:1)
  A catoblepas (Lair:6)
  3 ogre magi
  7 centaur warriors
  A death knight (D:13)
  2 merfolk aquamancers
  16 two-headed ogres
  A tengu warrior (D:9)
  A queen ant (Lair:3)
  3 death yaks
  A deep troll shaman (Lair:6)
  A deep elf knight (Vaults:2)
  A hell knight (Volcano)
  8 slime creatures
  6 sea snakes
  A flayed ghost (Vaults:2)
  2 unseen horrors
  4 ironbrand convokers
  A lindwurm (Lair:6)
  A necromancer (Vaults:2)
  2 harpies (Shoals:3)
  3 orc knights
  3 deep elf magi
  5 cyclopes
  10 ugly things
  A stone giant zombie (Vaults:2)
  A salamander (D:15)
  2 wolf spiders
  7 manticores
  16 fauns
  A stone giant skeleton (Vaults:2)
  5 black mambas
  16 elephants
  A vault sentinel (Vaults:2)
  2 merfolk sirens
  3 centaur skeletons (D:14)
  8 spiny frogs
  2 molten gargoyles
  3 water nymphs
  A gargoyle (D:12)
  4 komodo dragons
  2 kobold demonologists
  2 rime drakes
  5 yaktaurs
  A tengu conjurer (D:9)
  4 polar bears (Lair:6)
  8 trolls
  9 merfolk
  13 ice devils (IceCv)
  4 hornets
  3 wind drakes
  20 blink frogs (Lair:6)
  6 hippogriffs
  20 dream sheep
  3 snapping turtles
  2 wraiths
  3 water elementals
  A redback (Vaults:2)
  A spriggan (D:12)
  4 fire bats (Volcano)
  16 humans
  36 yaks
  3 dancing weapons
  A vampire (D:12)
  7 wyverns
  2 steam dragons
  3 basilisks
  A hungry ghost (D:14)
  5 vampire mosquitoes
  A warg (Vaults:2)
  7 soldier ants
  An acid dragon (D:9)
  16 porcupines
  11 water moccasins
  16 orc warriors
  4 phantoms
  A human zombie (Vaults:2)
  3 ice beasts
  A black bear (D:8)
  15 ogres
  3 sky beasts
  A necrophage (D:5)
  30 centaurs
  27 wolves
  A boggart (D:8)
  17 crocodiles
  17 bullfrogs
  2 gnoll sergeants (D:10)
  6 scorpions
  A wyvern skeleton (D:12)
  An elf simulacrum (Vaults:1)
  4 wights (D:10)
  An electric eel (Lair:3)
  2 howler monkeys
  5 crimson imps
  3 centaur zombies
  5 jellies
  3 bullfrog skeletons
  5 orc priests
  3 hounds
  5 iguanas
  7 orc wizards
  9 hell rats (Lair:3)
  14 worker ants
  2 hound skeletons
  10 adders
  12 gnolls
  14 river rats
  3 shadow imps
  13 white imps
  3 ufetubi (IceCv)
  2 adder zombies
  An adder skeleton (D:9)
  2 dart slugs (D:1)
  2 leopard geckos
  64 orcs
  4 ball pythons
  4 giant cockroaches
  8 goblins
  3 hobgoblins
  7 jackals
  A kobold (D:3)
  7 quokkas
  A ball python skeleton (D:4)
  13 bats
  3 frilled lizards
  2 jackal skeletons
  17 rats
  A butterfly (Lair:3)
  2 plants (Lair:6)
828 creatures vanquished.

Vanquished Creatures (collateral kills)
  An Ice Fiend (IceCv)
  A merfolk impaler (Shoals:2)
  2 two-headed ogres (Vaults:2)
  2 death yaks (Lair:6)
  3 ugly things (D:14)
  A wyvern (D:9)
  2 orc warriors (Bailey)
  A centaur (D:15)
  A white imp (Lair:5)
  4 orcs
18 creatures vanquished.

Vanquished Creatures (others)
  14 dancing weapons
  A centaur (D:15)
  2 white imps (IceCv)
  2 ufetubi (IceCv)
  An orc (D:9)
  36 fungi
  23 plants
  5 tentacles (Shoals:2)
84 creatures vanquished.

Grand Total: 930 creatures vanquished

Notes
Turn   | Place    | Note
-------+----------+-------------------------------------------
     0 | D:1      | Chiseanne the Spriggan Warper began the quest for the Orb.
     0 | D:1      | Reached XP level 1. HP: 10/10 MP: 5/5
   203 | D:1      | Reached skill level 1 in Stealth
   236 | D:1      | Reached skill level 4 in Dodging
   236 | D:1      | Reached XP level 2. HP: 14/14 MP: 6/6
   989 | D:1      | Learned a level 2 spell: Blink
   992 | D:1      | Learned a level 2 spell: Shroud of Golubria
  1072 | D:2      | Reached XP level 3. HP: 18/18 MP: 8/8
  1858 | D:2      | Learned a level 3 spell: Teleport Other
  1911 | D:3      | Reached skill level 5 in Dodging
  1941 | D:3      | Reached XP level 4. HP: 22/22 MP: 9/9
  2403 | D:4      | Reached skill level 5 in Stealth
  2439 | D:4      | Noticed an ogre
  2458 | D:4      | Killed an ogre
  2458 | D:4      | Reached skill level 6 in Dodging
  2458 | D:4      | Reached XP level 5. HP: 25/25 MP: 5/10
  2640 | D:4      | Found Elyrch's Distillery.
  2648 | D:4      | Bought 2 potions of degeneration for 22 gold pieces
  2665 | D:4      | Noticed an ogre
  2672 | D:4      | Killed an ogre
  2672 | D:4      | Reached skill level 7 in Dodging
  2672 | D:4      | Reached XP level 6. HP: 5/30 MP: 11/11
  3072 | D:5      | Entered Level 5 of the Dungeon
  3172 | D:5      | Found Sutzoh's Magic Scroll Emporium.
  3514 | D:5      | Found a staircase to the Ecumenical Temple.
  3620 | D:5      | Reached skill level 8 in Dodging
  3622 | D:5      | Reached XP level 7. HP: 33/33 MP: 12/12
  3635 | Temple   | Entered the Ecumenical Temple
  3736 | Temple   | Became a worshipper of Gozag Ym Sagoz the Greedy
  3870 | D:6      | Learned a level 4 spell: Passage of Golubria
  3895 | D:6      | Noticed a yak
  3895 | D:6      | Noticed a yak
  3895 | D:6      | Noticed a yak
  4055 | D:6      | Found a glowing drain.
  4113 | Sewer    | Entered a sewer
  4328 | D:6      | Reached skill level 9 in Dodging
  4409 | D:6      | Reached skill level 10 in Stealth
  4411 | D:6      | Reached XP level 8. HP: 37/37 MP: 13/13
  4417 | D:6      | Reached skill level 10 in Dodging
  5049 | D:7      | Found Vugew's Assorted Antiques.
  5089 | D:7      | Bought a potion of curing for 60 gold pieces
  5188 | D:8      | Noticed Joseph
  5519 | D:7      | Found a sparkling altar of Nemelex Xobeh.
  5572 | D:8      | Reached skill level 11 in Dodging
  5929 | D:5      | Bought a scroll of acquirement for 520 gold pieces
  5931 | D:5      | Bought a scroll of identify for 20 gold pieces
  5931 | D:5      | Bought a scroll of identify for 20 gold pieces
  5931 | D:5      | Bought a scroll of identify for 20 gold pieces
  5931 | D:5      | Bought a scroll of teleportation for 30 gold pieces
  5931 | D:5      | Bought a scroll of teleportation for 30 gold pieces
  5931 | D:5      | Bought a scroll of magic mapping for 35 gold pieces
  5931 | D:5      | Bought a scroll of magic mapping for 35 gold pieces
  5931 | D:5      | Bought a scroll of vulnerability for 75 gold pieces
  6296 | D:8      | Noticed a seven-headed hydra
  6310 | D:8      | Noticed a two-headed ogre
  6362 | D:8      | Reached XP level 9. HP: 39/42 MP: 14/14
  6423 | D:8      | Reached skill level 5 in Short Blades
  6658 | D:9      | Noticed an unseen horror
  6698 | D:9      | Noticed a tengu warrior
  6698 | D:9      | Noticed a tengu conjurer
  6706 | D:9      | Killed a tengu conjurer
  6707 | D:9      | HP: 2/42 [tengu warrior/great sword (19)]
  6718 | D:9      | Killed a tengu warrior
  6718 | D:9      | Reached skill level 10 in Short Blades
  6792 | D:9      | Killed an unseen horror
  7097 | D:9      | Noticed a troll
  7156 | D:9      | Noticed a komodo dragon
  7160 | D:9      | Killed a komodo dragon
  7177 | D:9      | Reached XP level 10. HP: 46/46 MP: 15/15
  7215 | D:9      | Found a staircase to the Lair.
  7497 | D:9      | Reached skill level 12 in Dodging
  8035 | D:4      | Bought a potion of curing for 33 gold pieces
  8035 | D:4      | Bought a potion of flight for 33 gold pieces
  8035 | D:4      | Bought a potion of heal wounds for 55 gold pieces
  8035 | D:4      | Bought a potion of haste for 110 gold pieces
  8035 | D:4      | Bought a potion of flight for 33 gold pieces
  8035 | D:4      | Bought a potion of invisibility for 88 gold pieces
  8035 | D:4      | Bought a potion of berserk rage for 55 gold pieces
  8035 | D:4      | Bought a potion of haste for 110 gold pieces
  8282 | D:5      | Got a scorched cloak
  8283 | D:5      | Identified the +2 cloak "Sujeacwu" {*Corrode rC+++ MR+ MP+9} (You found it on level 5 of the Dungeon)
  8346 | D:5      | Learned a level 3 spell: Confuse
  8616 | D:8      | Noticed Joseph
  8616 | D:8      | Joseph changed into Joseph the boggart
  8625 | D:8      | Killed Joseph the boggart
  8778 | D:7      | Bought a scroll of enchant weapon for 150 gold pieces
  8918 | Lair:1   | Entered Level 1 of the Lair of Beasts
  8952 | Lair:1   | Reached skill level 1 in Charms
  8958 | Lair:1   | Reached skill level 1 in Hexes
  9155 | Lair:1   | Found a dark tunnel.
  9165 | Volcano  | Entered a volcano
  9271 | Volcano  | Reached skill level 5 in Translocations
  9527 | Volcano  | Found a bloodstained altar of Trog.
  9527 | Volcano  | Noticed a centaur warrior
  9534 | Volcano  | Noticed a molten gargoyle
  9541 | Volcano  | Killed a centaur warrior
  9546 | Volcano  | Killed a molten gargoyle
  9547 | Volcano  | Noticed a hell knight
  9556 | Volcano  | Killed a hell knight
  9556 | Volcano  | Reached XP level 11. HP: 45/49 MP: 19/19
  9600 | Volcano  | Reached skill level 5 in Spellcasting
  9650 | Lair:1   | Learned a level 3 spell: Tukima's Dance
  9692 | Lair:1   | Noticed a five-headed hydra
  9698 | Lair:1   | Killed a five-headed hydra
  9698 | Lair:1   | Reached skill level 13 in Dodging
  9698 | Lair:1   | Reached skill level 5 in Charms
  9733 | Lair:1   | Identified the Reference Book on Conjuration
 10092 | Lair:1   | Reached skill level 5 in Hexes
 10285 | Lair:2   | Found a staircase to the Shoals.
 11393 | Lair:3   | Reached skill level 14 in Dodging
 12778 | Lair:3   | Noticed a queen ant
 12807 | Lair:3   | Killed a queen ant
 12807 | Lair:3   | Reached XP level 12. HP: 29/53 MP: 25/25
 13129 | Lair:3   | Reached skill level 15 in Dodging
 13135 | Lair:3   | Noticed a seven-headed hydra
 13142 | Lair:3   | Killed a seven-headed hydra
 13811 | Lair:4   | Noticed a seven-headed hydra
 13850 | Lair:4   | Killed a one-headed hydra
 13850 | Lair:4   | Reached skill level 10 in Spellcasting
 14225 | Lair:4   | Noticed a death yak
 14225 | Lair:4   | Noticed a death yak
 14227 | Lair:4   | Noticed a death yak
 14259 | Lair:4   | Noticed a death yak
 14260 | Lair:4   | Noticed a death yak
 14261 | Lair:4   | Noticed a death yak
 14607 | Lair:5   | Noticed an ice dragon
 14697 | Lair:5   | Killed an ice dragon
 14697 | Lair:5   | Reached skill level 16 in Dodging
 14753 | Lair:5   | Found a staircase to the Slime Pits.
 14753 | Lair:5   | Found a viscous altar of Jiyva.
 14981 | Lair:4   | Noticed a five-headed hydra
 15002 | Lair:4   | Killed a five-headed hydra
 15233 | Lair:4   | Learned a level 4 spell: Force Lance
 15237 | Lair:4   | Learned a level 3 spell: Dazzling Spray
 15241 | Lair:4   | Learned a level 3 spell: Conjure Flame
 15245 | Lair:4   | Learned a level 3 spell: Mephitic Cloud
 15607 | Lair:6   | Entered Level 6 of the Lair of Beasts
 15611 | Lair:6   | Reached skill level 1 in Conjurations
 15689 | Lair:6   | Noticed Snorg
 16019 | Lair:6   | Reached XP level 13. HP: 32/57 MP: 26/29
 16110 | Lair:6   | Reached skill level 17 in Dodging
 17445 | Lair:5   | Noticed an entropy weaver
 17445 | Lair:5   | a five-headed hydra changed into an entropy weaver
 17453 | Lair:5   | Killed an entropy weaver
 17581 | Lair:6   | Killed Snorg
 18911 | Lair:5   | Reached skill level 18 in Dodging
 19253 | Lair:6   | Reached skill level 15 in Stealth
 20342 | Lair:6   | Reached XP level 14. HP: 61/61 MP: 32/32
 21537 | Lair:4   | Found a hole to the Spider Nest.
 21635 | D:9      | Bought the +8 hunting sling of the Madman {speed, rElec rPois Str-4} for 705 gold pieces
 21645 | D:9      | Bought the amulet of the Four Winds {rN+ MR+++ Clar} for 482 gold pieces
 21645 | D:9      | Found the amulet of the Four Winds {rN+ MR+++ Clar}
 21645 | D:9      | Bought a +1 ring of protection for 33 gold pieces
 21967 | D:10     | Entered Level 10 of the Dungeon
 22102 | D:10     | Reached skill level 1 in Slings
 22329 | D:10     | Reached skill level 5 in Conjurations
 23285 | D:11     | Found a flagged portal.
 23308 | Bailey   | Entered a bailey
 24288 | D:11     | Reached skill level 1 in Armour
 24890 | D:12     | Got an encrusted long sword
 24891 | D:12     | Identified the +6 long sword of Viusch {slice, +Fly Str+2} (You found it on level 12 of the Dungeon)
 24973 | D:12     | Reached skill level 5 in Armour
 25171 | D:12     | Noticed Fannar
 25199 | D:12     | Killed Fannar
 25623 | D:12     | Found a staircase to the Orcish Mines.
 26225 | D:13     | Noticed Rupert
 26256 | D:13     | Killed Rupert
 26270 | D:13     | Reached XP level 15. HP: 28/65 MP: 15/33
 26464 | D:12     | Learned a level 3 spell: Regeneration
 26485 | D:13     | Found a gate to the Vaults.
 26515 | D:13     | Reached skill level 10 in Armour
 27491 | D:14     | Found Axig Zaid's Antique Weapon Boutique.
 27639 | D:15     | Entered Level 15 of the Dungeon
 27989 | D:15     | Reached skill level 5 in Fighting
 28749 | D:15     | Found a staircase to the Depths.
 29029 | D:15     | Upgraded the game from 0.21-a0-227-g58a7c62 to 0.21-a0-229-g3587535
 29035 | D:15     | Bought a manual of Dodging for 1545 gold pieces
 29262 | Shoals:1 | Entered Level 1 of the Shoals
 29346 | Shoals:2 | Reached skill level 19 in Dodging
 29536 | Shoals:2 | Reached skill level 20 in Dodging
 29865 | Shoals:2 | Noticed Louise
 29920 | Shoals:2 | Killed Louise
 30272 | Shoals:2 | Reached skill level 21 in Dodging
 31273 | Shoals:2 | Reached skill level 22 in Dodging
 31367 | Shoals:2 | Noticed Roxanne
 31501 | Shoals:4 | Entered Level 4 of the Shoals
 31510 | Shoals:4 | Found a frozen archway.
 31522 | IceCv    | Entered an ice cave
 31647 | IceCv    | Noticed an Ice Fiend
 32002 | IceCv    | Noticed an Ice Fiend
 32252 | IceCv    | Killed an Ice Fiend
 32252 | IceCv    | Reached skill level 23 in Dodging
 32252 | IceCv    | Reached XP level 16. HP: 49/79 MP: 26/34
 32642 | IceCv    | Killed an Ice Fiend
 32916 | Shoals:4 | Reached skill level 24 in Dodging
 32989 | Shoals:3 | HP: 2/79 [merfolk impaler/trident of flaming (2)]
 33910 | Shoals:2 | Noticed a kraken
 34118 | Shoals:4 | Got a barnacled rune of Zot
 34644 | D:7      | Bought a scroll of enchant armour for 150 gold pieces
 34862 | D:15     | Learned a level 2 spell: Passwall
 34893 | D:15     | Bought the ring "Owiesh" {rCorr rElec rF++ rN+ Int-2} for 721 gold pieces
 35104 | D:15     | Upgraded the game from 0.21-a0-229-g3587535 to 0.21-a0-233-g0929f2e
 35111 | Depths:1 | Entered Level 1 of the Depths
 35111 | Depths:1 | Found a gateway to a ziggurat.
 35259 | Vaults:1 | Entered Level 1 of the Vaults
 35772 | Vaults:1 | You fall through a shaft!
 35780 | Vaults:2 | Found Gozag's Antique Weapon Shoppe.
 35781 | Vaults:2 | Found Gozag's Antique Weapon Shoppe.
 35781 | Vaults:2 | Found an opulent altar of Gozag.
 35819 | Vaults:2 | Got a steaming arbalest
 35821 | Vaults:2 | Identified the +9 arbalest "Liodagas" {elec, rElec Int+5} (You found it on level 2 of the Vaults)
 36082 | Vaults:2 | Reached skill level 1 in Crossbows
 37091 | Vaults:2 | Shot with a bolt by a yaktaur captain

Vault maps used:
D:1:      sevenhm_arrival_forest_fort_small_3, kennysheep_small_spiral
D:2:      grunt_decor_cap
D:3:      first_bread
D:4:      serial_shops, shop
D:5:      minmay_temple_entry_hall, serial_shops, shop_scrolls,
          corexii_leaking_fountain
D:6:      portal_sewer_entry_a
D:7:      nemelex_xobeh_ov_fountains_minmay, serial_shops, shop_statue,
          kennysheep_generic_room_10
D:8:      minmay_the_grid_octo_triangle, uniq_prince_ribbit1, uniq_joseph
D:9:      erik_lair_dragon
D:11:     enter_bailey_3
D:12:     hiddenorc1_lemuel, the_bakery, uniq_fannar
D:13:     david_vaults_3
D:14:     amethyst_killhole, serial_shops, shop
D:15:     hangedman_depths_entry_try_elsewhere_first,
          hangedman_abyss_or_decor_stabs
Temple:   kilobyte_greek_temple
Lair:1:   nicolae_volcano_entry_lava_flow, beast_lair_carwin_6,
          serial_bayou_shore_b, serial_bayou_shore_b, infiniplex_staircase_pool
Lair:2:   minmay_shoals_entry_lonely_mermaid
Lair:3:   lemuel_ratsnest, serial_bayou_pond_e, wad_woods_antlair,
          lemuel_fruit_fields
Lair:4:   spider_nest_entry_funnel_web
Lair:5:   slime_altar_1, bobbens_ice_dragon_lair, serial_bayou_shore_b,
          serial_bayou_shore_a
Lair:6:   grunt_lair_end_beastmaster, grunt_megastairs_1, uniq_snorg
Shoals:1: serial_shops, shop
Shoals:2: centaur_isle, uniq_roxanne, uniq_louise
Shoals:4: shoals_end_grunt_ice, shoals_ilsuiw_ice,
          portal_ice_cave_entry_ice_statue_one
Vaults:1: vaults_mumra_chevron, v_misc_33, vaults_room_grunt_arrival_ludios,
          v_misc_23, vaults_room_fours, st_greater_box_2, v_alt_pattern_3,
          v_misc_26, nicolae_vaults_puzzle_piece, v_pattern_1,
          vaults_room_door_ring
Vaults:2: hangedman_vaults_stagger, ontoclasm_vaults_loading_screen,
          vaults_dpeg_diagonal, grunt_vaults_trifunnel,
          kennysheep_vaults_gozag_temple, v_misc_22,
          nicolae_vaults_little_squares_4, nicolae_vaults_little_ls, v_misc_19,
          grunt_vaults_hallway_long, nicolae_vaults_asterisk,
          nicolae_vaults_yaktaur_gun_rack, serial_shops, shop, shop,
          uniq_bai_suzhen
Depths:1: enter_ziggurat_c, serial_bayou, serial_bayou_pond_a,
          serial_bayou_lagoon_b, serial_bayou_pond_a, serial_bayou_ford_a,
          serial_bayou_pond_e, hell_entry, serial_shops, shop_coins,
          hangedman_cracks_in_the_wall
Sewer:    sewer_big_baddie
Bailey:   bailey_polearm_flooded_kennysheep, bailey
IceCv:    ice_cave_small_demon
Volcano:  volcano_grotto

Skill      XL: |  1  2  3  4  5  6  7  8  9 10 11 12 13 14 15 16 |
---------------+-------------------------------------------------+-----
Stealth        | 1 3 4 6 7 8 10 12 13 15 16 | 16.9
Dodging        | 4 5 6 7 8 9 11 12 14 16 18 23 24 | 24.6
Short Blades   | 4 13 | 13.6
Spellcasting   | 4 8 11 13 14 | 14.8
Charms         | 4 5 |  5.2
Hexes          | 4 5 |  5.8
Translocations | 6 8 |  8.4
Conjurations   | 2 4 5 |  5.5
Slings         | 2 |  2.7
Armour         | 9 10 | 10.5
Fighting       | 6 8 |  8.1
Crossbows      | 3 |  3.4
Throwing       | |  1.0

Action                   |  1- 3 |  4- 6 |  7- 9 | 10-12 | 13-15 | 16-18 || total
-------------------------+-------+-------+-------+-------+-------+-------++-------
Melee: Short sword       |   142 |   111 |   356 |   829 |   578 |       ||  2016
       Rapier            |       |       |       |    25 |   164 |       ||   189
       Scimitar          |       |       |       |    10 |       |       ||    10
       Quick blade       |       |       |       |     4 |   660 |   420 ||  1084
       Long sword        |       |       |       |       |       |    18 ||    18
 Fire: Hunting sling     |       |       |       |       |    84 |    19 ||   103
       Arbalest          |       |       |       |       |       |    39 ||    39
Throw: Tomahawk          |       |     1 |       |     6 |       |       ||     7
       Stone             |       |       |       |       |     3 |       ||     3
 Cast: Teleport Other    |       |     4 |     5 |       |       |       ||     9
       Shroud of Golubri |       |     2 |       |    25 |    20 |       ||    47
       Confuse           |       |       |       |    91 |   345 |    49 ||   485
       Passage of Golubr |       |       |       |     1 |       |       ||     1
       Mephitic Cloud    |       |       |       |     2 |   165 |    83 ||   250
       Blink             |       |       |       |     1 |     2 |       ||     3
       Conjure Flame     |       |       |       |     1 |     2 |     1 ||     4
       Tukima's Dance    |       |       |       |       |    51 |    38 ||    89
       Force Lance       |       |       |       |       |    11 |       ||    11
       Dazzling Spray    |       |       |       |       |    15 |    34 ||    49
       Regeneration      |       |       |       |       |     3 |    13 ||    16
Invok: Call Merchant     |       |       |       |       |     4 |     1 ||     5
Evoke: Wand              |       |       |    17 |    23 |    22 |     7 ||    69
       Sack of spiders   |       |       |     4 |     1 |     1 |       ||     6
       Phial of floods   |       |       |       |       |     3 |       ||     3
       Lightning rod     |       |       |       |       |     8 |     6 ||    14
       Fan of gales      |       |       |       |       |       |     1 ||     1
  Use: Scroll            |    15 |     2 |     8 |     8 |    10 |    17 ||    60
       Potion            |       |     2 |     8 |     5 |    10 |     5 ||    30
 Stab: Sleeping          |     8 |    11 |    22 |    34 |    43 |    17 ||   135
       Invisible         |       |     1 |     2 |     4 |     7 |     4 ||    18
       Distracted        |       |       |     2 |    14 |    12 |     4 ||    32
       Confused          |       |       |       |    51 |   251 |    96 ||   398
       Paralysed         |       |       |       |       |     1 |     2 ||     3
  Eat: Fruit             |       |     3 |     3 |     7 |     3 |       ||    16
       Royal jelly       |       |     1 |     1 |     4 |     3 |       ||     9
       Bread ration      |       |       |       |       |       |     1 ||     1
Armor: Robe              |    18 |     3 |    14 |    27 |    40 |       ||   102
       Troll leather arm |       |       |       |       |       |    15 ||    15
Dodge: Dodged            |   156 |    90 |   356 |   662 |   941 |   360 ||  2565
       Rpst.: Long sword |       |       |       |       |       |     7 ||     7

Table legend:
 A = Spawn XP
 B = Non-spawn XP
 C = Spawn XP percentage of total XP
 D = Spawn monster count
 E = Non-spawn monster count
 F = Spawn count percentage of total count
 G = Total turns spent on level
                    A         B        C        D         E        F      G
               +---------+---------+-------+---------+---------+-------+---------
         Total |   26690 |  183054 |  12.7 |      92 |     748 |  11.0 | 37091
               +---------+---------+-------+---------+---------+-------+---------
           D:1 |       1 |      34 |   2.9 |       1 |      18 |   5.3 |  1015
           D:2 |       0 |      43 |   0.0 |       0 |      12 |   0.0 |   872
           D:3 |       0 |      28 |   0.0 |       0 |       9 |   0.0 |   170
           D:4 |       1 |     367 |   0.3 |       1 |      11 |   8.3 |  1103
           D:5 |     130 |     343 |  27.5 |       2 |      12 |  14.3 |  1229
           D:6 |       0 |     826 |   0.0 |       0 |      19 |   0.0 |   998
           D:7 |      32 |     574 |   5.3 |       1 |      19 |   5.0 |   979
           D:8 |       0 |    1210 |   0.0 |       0 |      21 |   0.0 |   970
           D:9 |     542 |    3914 |  12.2 |       3 |      19 |  13.6 |  1927
          D:10 |     703 |    3131 |  18.3 |       8 |      30 |  21.1 |  1183
          D:11 |     642 |    3932 |  14.0 |       2 |      19 |   9.5 |   792
          D:12 |    2041 |   10142 |  16.8 |       4 |      51 |   7.3 |  1396
          D:13 |     607 |   10098 |   5.7 |       1 |      30 |   3.2 |   684
          D:14 |       0 |   10661 |   0.0 |       0 |      31 |   0.0 |   938
          D:15 |    1589 |   10243 |  13.4 |       5 |      31 |  13.9 |  1843
        Lair:1 |     145 |    4840 |   2.9 |       1 |      22 |   4.3 |  1013
        Lair:2 |     307 |    2577 |  10.6 |       2 |      12 |  14.3 |  1305
        Lair:3 |     405 |    7920 |   4.9 |       1 |      77 |   1.3 |  2594
        Lair:4 |     891 |    4436 |  16.7 |       7 |      10 |  41.2 |  1580
        Lair:5 |    3248 |    3594 |  47.5 |       7 |      17 |  29.2 |  2085
        Lair:6 |   10444 |   23455 |  30.8 |      37 |      70 |  34.6 |  3993
      Shoals:1 |    2669 |    1733 |  60.6 |       4 |       4 |  50.0 |  1190
      Shoals:2 |    1327 |   14822 |   8.2 |       4 |      29 |  12.1 |  1803
      Shoals:3 |       0 |    8463 |   0.0 |       0 |      18 |   0.0 |   425
      Shoals:4 |       0 |    4077 |   0.0 |       0 |       5 |   0.0 |   350
      Vaults:1 |       0 |   16083 |   0.0 |       0 |      26 |   0.0 |   365
      Vaults:2 |     966 |   20707 |   4.5 |       1 |      41 |   2.4 |  1319
         Sewer |       0 |     107 |   0.0 |       0 |       6 |   0.0 |   202
        Bailey |       0 |    2076 |   0.0 |       0 |      39 |   0.0 |   925
         IceCv |       0 |    9260 |   0.0 |       0 |      29 |   0.0 |  1221
       Volcano |       0 |    3358 |   0.0 |       0 |      11 |   0.0 |   471
               +---------+---------+-------+---------+---------+-------+---------
